AoeStats
← akris_mejo

Arabia

510070281Analyzed
1v1 RM · 4d ago on Sep 29, 2026· 54m 15s· 2 players
Game mode
Random Map
Map size
Tiny (2 player)
Population
200
Speed
Normal
Resources
Standard
Victory
Conquest
Starting age
Dark Age
Ending age
Imperial Age
RankedLock teamsTeams togetherTeam positionsShared explorationLock speedFull tech treeHidden civsTurbo modeCheats
Victory
Defeat
🇪🇸 Khitans · Spain
656
+16
🇨🇳 Italians · China
647
-16
东北一道光
7:56 Loom
10:33 Feudal Age
12:45 Man-at-Arms
14:59 Arson
21:46 Castle Age
19:40 Double-Bit Axe
19:38 Horse Collar
22:13 Crossbowman
24:00 Bow Saw
27:45 Thumb Ring
29:56 Padded Archer Armor
29:46 Fletching
31:07 Leather Archer Armor
31:46 Gold Mining
31:46 Stone Mining
35:31 Wheelbarrow
38:41 Forging
38:32 Scale Mail Armor
38:27 Bodkin Arrow
42:17 Imperial Age
40:58 Ballistics
40:19 Treadmill Crane
41:32 Stone Mining
42:35 Chain Mail Armor
42:56 Iron Casting
42:36 Heavy Plow
44:31 Two-Man Saw
44:59 Conscription
52:42 Chemistry
akris_mejo
3:30 Loom
11:44 Feudal Age
13:20 Man-at-Arms
21:06 Castle Age
20:09 Forging
20:26 Scale Mail Armor
21:44 Double-Bit Axe
24:43 Chain Mail Armor
25:47 Wheelbarrow
28:58 Iron Casting
28:43 Domestication
35:56 Imperial Age
35:03 Hand Cart
35:25 Pastoralism
39:59 Guilds
40:30 Conscription
42:05 Capped Ram
43:13 Lamellar Armor
43:43 Hand Cart
43:55 Bow Saw
43:21 Siege Ram
46:43 Elite Liao Dao
52:02 Plate Mail Armor
Connection lost

Rejoining the realm…

Still unreachable

The connection could not be restored.

Session expired

The server has moved on; the page needs a fresh start.